 Dungeon Crawl Stone Soup version 0.22-a0-601-gb0ed703 (webtiles) character file.

58 Gildeon the Ducker (level 3, -2/36 HPs)
             Began as a Troll Fighter on July 6, 2018.
             Slain by a leopard gecko (4 damage)
             ... on level 1 of the Dungeon.
             The game lasted 00:03:29 (813 turns).

Gildeon the Ducker (Troll Fighter)                   Turns: 813, Time: 00:03:30

Health: -2/36      AC:  5    Str: 24    XL:     3   Next: 75%
Magic:  2/2        EV: 10    Int:  4    God:
Gold:   36         SH:  0    Dex: 10    Spells: 2/2 levels left

rFire    . . .     SeeInvis .   a - +0 trident
rCold    . . .     Gourm    +   (no shield)
rNeg     + . .     Faith    .   b - +0 robe
rPois    .         Spirit   .   (helmet restricted)
rElec    .         Reflect  .   (no cloak)
rCorr    .         Harm     .   (gloves unavailable)
MR       .....                  (boots unavailable)
Stlth    +.........             (no amulet)
HPRegen  0.52/turn              g - ring of positive energy
MPRegen  0.08/turn              (no ring)

@: no status effects
A: large, unfitting armour, claws 3, fast metabolism 3, gourmand, regeneration
1, shaggy fur 1, tough skin 2
a: no special abilities


You were on level 1 of the Dungeon.
You were very full.

You visited 1 branch of the dungeon, and saw 2 of its levels.

You collected 36 gold pieces.

Inventory:

Hand Weapons
 a - a +0 trident (weapon)
Armour
 b - a +0 robe (worn)
Jewellery
 g - a ring of positive energy (left claw)
Scrolls
 h - 6 scrolls of remove curse {unknown}
 k - a scroll of fear {unknown}
Potions
 c - a potion of heal wounds {unknown}
 d - a potion of might
 e - a potion of flight {unknown}
 i - a potion of agility {unknown}
Comestibles
 f - 4 rations
 j - 8 chunks of flesh


   Skills:
 + Level 2.7 Fighting
 * Level 2.4 Polearms
 + Level 1.0 Armour
 + Level 2.8 Dodging
   Level 2.4 Shields


You had 2 spell levels left.
You didn't know any spells.
Your spell library was empty.

Dungeon Overview and Level Annotations

Branches:
Dungeon (2/15)

Altars:


Innate Abilities, Weirdness & Mutations

You are too large for most types of armour.
You have claws for hands.
Your metabolism is lightning-fast.
You like to eat raw meat.
Your natural rate of healing is unusually fast.
You are covered in fur. (AC +1)
You have very tough skin. (AC +2)


Message History

The goblin hits you but does no damage. The leopard gecko misses you.
The kobold hits you with a short sword. The leopard gecko bites you.
* * * LOW HITPOINT WARNING * * *
The goblin hits you but does no damage. The hobgoblin closely misses you.
The leopard gecko barely misses you. The goblin hits you but does no damage.
The kobold hits you with a short sword.
* * * LOW HITPOINT WARNING * * *
You climb upwards.
There is a stone staircase leading down, spattered with blood here.
You see here a stone.
Okay, then.
You puncture the goblin!
You kill the goblin!
The leopard gecko barely misses you.
The leopard gecko completely misses you.
The leopard gecko bites you.
* * * LOW HITPOINT WARNING * * *
You miss the leopard gecko. The leopard gecko bites you.
You die...

..##....###.##.###
.....#### #.##.#
...#..## #.##.###
...##..# #.##...#
.#.###.# #.####.# .#.#
#.# #.# #.# .#.# #.#
#.# #g# .#.###.## #.#
#l# ##...#..###.# #@#
.#........#.# ##l######
........#.#.# #Kg...).#
######....#.# #.......#
............# #.......#
######..(##.###.......#
.>.......##...........#
......[..##.##........#
........###.##........#


You could see 2 leopard geckos, a hobgoblin, a goblin and a kobold.

Vanquished Creatures
  Robin (D:2)
  A dart slug (D:1)
  A leopard gecko (D:1)
  A ball python (D:1)
  3 bats (D:1)
  4 giant cockroaches
  18 goblins
  4 hobgoblins (D:1)
  A frilled lizard (D:1)
  2 kobolds (D:1)
  2 rats (D:1)
38 creatures vanquished.

Notes
Turn   | Place    | Note
-------+----------+-------------------------------------------
     0 | D:1      | Gildeon the Troll Fighter began the quest for the Orb.
     0 | D:1      | Reached XP level 1. HP: 22/22 MP: 0/0
   117 | D:1      | Reached XP level 2. HP: 28/29 MP: 1/1
   684 | D:2      | Reached XP level 3. HP: 36/36 MP: 2/2
   688 | D:2      | Noticed Robin
   808 | D:2      | Killed Robin
   808 | D:2      | Reached skill level 1 in Armour
   813 | D:1      | Slain by a leopard gecko

Vault maps used:
D:1:      elethiomel_arrival_quiet
D:2:      uniq_natasha, uniq_robin

Skill      XL: |  1  2  3 |
---------------+----------+-----
Polearms       | 2 |  2.4
Armour         | 1 |  1.0
Fighting       | |  2.7
Dodging        | |  2.8
Shields        | |  2.4

Action                   || total
-------------------------++-------
Melee: Trident           ||   146
  Eat: Chunk             ||    13
Armor: Robe              ||    96
Dodge: Dodged            ||   155

Table legend:
 A = Spawn XP
 B = Non-spawn XP
 C = Spawn XP percentage of total XP
 D = Spawn monster count
 E = Non-spawn monster count
 F = Spawn count percentage of total count
 G = Total turns spent on level
                    A         B        C        D         E        F      G
               +---------+---------+-------+---------+---------+-------+---------
         Total |       0 |      83 |   0.0 |       0 |      38 |   0.0 |   813
               +---------+---------+-------+---------+---------+-------+---------
           D:1 |       0 |      64 |   0.0 |       0 |      35 |   0.0 |   790
           D:2 |       0 |      19 |   0.0 |       0 |       3 |   0.0 |    23
               +---------+---------+-------+---------+---------+-------+---------
